 Dungeon Crawl Stone Soup version 0.28-a0-8-g6e044cf (webtiles) character file.

Game seed: 7064379188301142564

52 MrTaco21 the Cudgeller (level 3, 0/23 HPs)
             Began as a Gargoyle Fighter on July 24, 2021.
             Slain by Sigmund (6 damage)
             ... on level 2 of the Dungeon.
             The game lasted 00:02:16 (1842 turns).

MrTaco21 the Cudgeller (Gargoyle Fighter)           Turns: 1842, Time: 00:02:16

Health: 0/23       AC: 11    Str: 20    XL:     3   Next: 85%
Magic:  1/3        EV:  7    Int:  8    God:
Gold:   39         SH:  0    Dex:  9    Spells: 2/2 levels left

rFire   . . .      SeeInvis .   a - +0 flail
rCold   . . .      Faith    .   c - +0 kite shield
rNeg    + . .      Spirit   .   b - +0 scale mail
rPois   ∞          Reflect  .   (no helmet)
rElec   +          Harm     .   (no cloak)
rCorr   .          Rampage  .   g - +0 pair of gloves
Will    .....                   (no boots)
Stlth   ..........              e - amulet of the acrobat
HPRegen 0.07/turn               (no ring)
MPRegen 0.08/turn               (no ring)

@: confused
A: sickness immunity, AC +3, negative energy resistance 1, electricity
resistance, torment resistance 1, petrification resistance
a: no special abilities


You were on level 2 of the Dungeon.
You visited 1 branch of the dungeon, and saw 2 of its levels.

You collected 39 gold pieces.

Inventory:

Hand Weapons
 a - a +0 flail (weapon)
Armour
 b - a +0 scale mail (worn)
 c - a +0 kite shield (worn)
 g - a +0 pair of gloves (worn)
   (You found it on level 1 of the Dungeon)
Jewellery
 e - an amulet of the acrobat (around neck)
   (You found it on level 1 of the Dungeon)
Scrolls
 f - a scroll of teleportation {unknown}
 i - a scroll of amnesia {unknown}
 j - a scroll of blinking {unknown}
Potions
 d - a potion of might
 h - a potion of heal wounds {unknown}


   Skills:
 - Level 3.2 Fighting
 + Level 4.0 Maces & Flails
 - Level 3.2 Armour
 - Level 3.2 Shields


You had 2 spell levels left.
You didn't know any spells.
Your spell library contained the following spells:

 Spells                   Type           Power      Damage    Failure   Level
 Summon Small Mammal      Summ           0%         N/A       99%         1
 Call Canine Familiar     Summ           0%         N/A       100%        3
 Summon Guardian Golem    Hex/Summ       0%         N/A       100%        3


Dungeon Overview and Level Annotations

Branches:
Dungeon (2/15)

Altars:

Annotations:
D:2 Sigmund


Innate Abilities, Weirdness & Mutations

You are immune to sickness and miasma.
Your stone body is resilient. (AC +3)
You are immune to poison.
You resist negative energy. (rN+)
You are resistant to electric shocks. (rElec)
You are resistant to unholy torment.
You are immune to petrification.


Message History

Sigmund points at you and mumbles some strange words.
The magic dart hits you but does no damage.
There is a stone staircase leading up here.
Sigmund misses you. Sigmund closely misses you.
You closely miss Sigmund. You block Sigmund's attack.
You hit Sigmund. Sigmund barely misses you.
You closely miss Sigmund.
Sigmund hits you with a +2 antimagic scythe!
You feel your power leaking away. Sigmund hits you but does no damage.
Unknown command.
You hit Sigmund. Sigmund completely misses you.
You hit Sigmund but do no damage. You block Sigmund's attack.
Sigmund hits you with a +2 antimagic scythe.
* * * LOW HITPOINT WARNING * * *
Unknown command.
You barely miss Sigmund. Sigmund barely misses you.
Unknown command.
You hit Sigmund.
Sigmund says, "You will soon forget everything."
Sigmund closely misses you.
Unknown command.
You hit Sigmund. Sigmund hits you but does no damage.
You block Sigmund's attack.
You closely miss Sigmund.
Sigmund hits you with a +2 antimagic scythe.
* * * LOW HITPOINT WARNING * * *
Unknown command.
You closely miss Sigmund.
Sigmund screams, "Don't try to resist!"
Sigmund hits you but does no damage. Sigmund gestures at you while chanting.
The magic dart hits you but does no damage.
Unknown command.
You barely miss Sigmund. Sigmund barely misses you.
You hit Sigmund. You block Sigmund's attack.
Unknown command.
Unknown command.
You closely miss Sigmund. You block Sigmund's attack. x2
Unknown command.
You closely miss Sigmund.
Sigmund mumbles some strange words.
Sigmund flickers and vanishes!
Deactivating autopickup; reactivate with Ctrl-A.
You barely miss something.
You hear some strange, mumbled words.
You are confused.
Something hits you.
You die...

..#.###.###..#####..#.#...#
## #.#.# ...
.......#.#.#..### . ...
#... #............ . ...
#.... #.........## ...
#.....###........#... .#...
#...........#.#......
#.....##....#.....#..
#.......{.......)....
########@...........#
#.........#....#..#
#........##.####.##
#...(.<........
#..>.....##.###
.................
##.#........##.###
....##........ .. ....
#.####.##. .


There were no monsters in sight!

Vanquished Creatures
  A dart slug (D:1)
  5 bats (D:1)
  4 endoplasms (D:1)
  3 giant cockroaches (D:1)
  6 goblins
  5 hobgoblins (D:1)
  10 jackals (D:1)
  2 quokkas (D:1)
  2 ball pythons
  3 rats
41 creatures vanquished.

Notes
Turn   | Place    | Note
-------+----------+-------------------------------------------
     0 | D:1      | MrTaco21 the Gargoyle Fighter began the quest for the Orb.
     0 | D:1      | Reached XP level 1. HP: 14/14 MP: 1/1
   171 | D:1      | Reached XP level 2. HP: 16/19 MP: 2/2
   289 | D:1      | Reached skill level 3 in Maces & Flails
   461 | D:1      | Reached XP level 3. HP: 18/23 MP: 3/3
  1435 | D:2      | Noticed Sigmund
  1452 | D:1      | Reached skill level 4 in Maces & Flails
  1842 | D:2      | Slain by Sigmund

Illustrated notes

Levels and vault maps discovered:
D:1:      dpeg_arrival_three_same_balls, layout_basic, grunt_decor_junction,
          corexii_leaking_fountain
D:2:      layout_basic, hellmonk_ecumenical_altar_run_dry,
          minmay_tiny_reverse_x, uniq_sigmund

Skill      XL: |  1  2  3 |
---------------+----------+-----
Maces & Flails | 3 4 |  4.0
Fighting       | |  3.2
Armour         | |  3.2
Shields        | |  3.2

Action                   || total
-------------------------++-------
Melee: Flail             ||   144
Armor: Scale mail        ||   108
Dodge: Dodged            ||    68
Block: Kite shield       ||    99

Table legend: (Time is in decaauts)
 A = Elapsed time spent in this place.
 B = Non-inter-level travel time spent in this place.
 C = Inter-level travel time spent in this place.
 D = Time resting spent in this place.
 E = Time spent auto-exploring this place.
 F = Levels seen in this place.
 G = Mean time per level.
                   A        B        C        D        E       F      G
               +--------+--------+--------+--------+--------+-----+--------+
         Total |   1911 |   1828 |     83 |    617 |    849 |   2 |  955.5 |
       Dungeon |   1911 |   1828 |     83 |    617 |    849 |   2 |  955.5 |
               +--------+--------+--------+--------+--------+-----+--------+

Top non-repeatable levels by time:
     D:1: 1820 daAuts
     D:2: 90 daAuts
